 Dungeon Crawl Stone Soup version 0.30-a0-347-gf58ed52 (webtiles) character file.

Game seed: 18277070988797211388

1307 Dorkslayer the Covert (level 8, -2/54 HPs)
             Began as an Octopode Brigand on Nov 5, 2022.
             Was an Initiate of Gozag.
             Slain by a hound (6 damage)
             ... on level 6 of the Dungeon.
             The game lasted 00:16:29 (4847 turns).

Dorkslayer the Covert (Octopode Brigand)            Turns: 4847, Time: 00:16:29

Health: -2/54      AC:  1    Str: 10    XL:     8   Next: 57%
Magic:  17/17      EV: 14    Int: 13    God:    Gozag
Gold:   508        SH:  5    Dex: 16    Spells: 7/7 levels left

rFire   . . .      SeeInvis .    d - +1 short sword (venom)
rCold   . . .      Faith    .    (no shield)
rNeg    . . .      Spirit   .    (helmet restricted)
rPois   .          Reflect  +    s - amulet of reflection
rElec   .          Harm     .    v - ring of magical power
rCorr   .          Rampage  .    (no ring)
Will    .....                    (no ring)
Stlth   +++++.....               (no ring)
HPRegen 0.29/turn                (no ring)
MPRegen 0.15/turn                (no ring)
                                 (no ring)
                                 (no ring)

@: gold aura
A: almost no armour, amphibious, 8 rings, camouflage 1, gelatinous body 1,
(nimble swimmer 1), tentacles
a: Renounce Religion, Potion Petition, Call Merchant, Bribe Branch


You were on level 6 of the Dungeon.
You worshipped Gozag.
Gozag was pleased with you.
You visited 2 branches of the dungeon, and saw 7 of its levels.

You collected 646 gold pieces.
You spent 42 gold pieces at shops.
You paid 96 gold pieces to Gozag.

Inventory:

Hand Weapons
 a - a +2 dagger
 d - a +1 short sword of venom (weapon)
Missiles
 b - 12 poisoned darts (quivered)
 o - 4 boomerangs
Jewellery
 g - an amulet of the acrobat
 s - an amulet of reflection (around mantle)
 v - a ring of magical power (left tentacle)
Wands
 q - a wand of flame (17)
Scrolls
 e - 2 scrolls of teleportation
 f - a scroll of amnesia
 j - a scroll of enchant armour {unknown}
 m - 2 scrolls of enchant weapon {unknown}
 n - a scroll of immolation
 r - a scroll of magic mapping {unknown}
 w - a scroll of fog
Potions
 h - 2 potions of cancellation
 i - 2 potions of brilliance
 k - a potion of mutation
 l - 2 potions of curing
 p - a potion of magic
 t - a potion of heal wounds
 u - a potion of berserk rage {unknown}
 x - a potion of flight


   Skills:
 + Level 3.7 Fighting
 + Level 5.7 Short Blades
 + Level 2.7 Throwing
 + Level 3.5 Dodging
 + Level 10.0 Stealth
 + Level 1.9 Shields
 * Level 2.1 Evocations


You had 7 spell levels left.
You didn't know any spells.
Your spell library contained the following spells:

 Spells                   Type           Power      Damage    Failure   Level
 Slow                     Hex            0%         N/A       30%         1
 Confusing Touch          Hex            0%         N/A       67%         3
 Vampiric Draining        Necr           0%         2d6       67%         3
 Vhi's Electric Charge    Tloc/Air       0%         N/A       67%         3
 Cause Fear               Hex            0%         N/A       97%         4
 Arcjolt                  Conj/Air       0%         1d10      100%        5
 Dragon Form              Tmut           0%         N/A       100%        7
 Maxwell's Capacitive Co  Air            0%         ∞         100%        8
 Chain Lightning          Conj/Air       0%         N/A       100%        9
 Dragon's Call            Summ           0%         N/A       100%        9
 Fire Storm               Conj/Fire      0%         5d1       100%        9
 Shatter                  Erth           0%         3d5*      100%        9


Dungeon Overview and Level Annotations

Branches:
Dungeon (6/15)             Temple (1/1) D:4

Altars:
Ashenzari
Cheibriados
Dithmenos
Elyvilon
Fedhas
Gozag
Kikubaaqudgha
Makhleb
Nemelex Xobeh
Okawaru
Qazlal
Ru
Trog
Uskayaw
Vehumet
Wu Jian
Xom
The Shining One

Shops:
D:6 *


Innate Abilities, Weirdness & Mutations

You cannot wear most types of armour.
You are amphibious.
You can wear up to eight rings at the same time.
Your skin changes colour to match your surroundings (Stealth+).
Your rubbery body absorbs attacks. (AC +1, EV +1)
((You are camouflaged when in or above water. (Stealth+)))
You have tentacles for arms and can constrict up to eight enemies at once.


Message History

The ufetubus misses you. x2
You hit the ufetubus.
The ufetubus is poisoned.
Your grab misses the ufetubus.
The ufetubus is lightly wounded.
You block the ufetubus's attack. The ufetubus hits you.
You closely miss the ufetubus. You grab the ufetubus. You squeeze the ufetubus.
The ufetubus is heavily wounded.
You constrict the ufetubus. The ufetubus hits you.
You block the ufetubus's attack.
You hit the ufetubus.
You kill the ufetubus!
Throw: dart (curare)
Press: ? - help, Q - select action, (/) - cycle Shift-Dir - straight line, f - ogre
Aim: an ogre, wielding a +0 giant club (76% to hit)
You throw a curare-tipped dart. The curare-tipped dart hits the ogre.
The ogre is poisoned.
The ogre convulses.
The ogre seems to slow down.
The ogre is moderately wounded.
You hit the ogre.
The ogre looks as sick as possible!
You squeeze the ogre.
The ogre is severely wounded.
The ogre hits you with a +0 giant club!!
Ouch! That really hurt!
* * * LOW HITPOINT WARNING * * *
You hit the ogre.
The ogre looks as sick as possible!
The ogre is severely wounded.
You hit the ogre.
The ogre looks as sick as possible!
You squeeze the ogre.
You kill the ogre!
The hound barely misses you.
Your Stealth skill increases to level 10!
Your Evocations skill increases to level 2!
You closely miss the hound. Your grab misses the hound. The hound bites you.
* * * LOW HITPOINT WARNING * * *
You hit the hound but do no damage.
The hound is poisoned.
Your grab misses the hound. Your squeeze misses the hound. The hound bites you.
* * * LOW HITPOINT WARNING * * *
You hit the hound.
The hound looks as sick as possible!
Your grab misses the hound.
The hound is moderately wounded.
The hound bites you.
You die...
Your body crumbles into a pile of gold.

#.## ##...#∩...∩#........#
#
##.###.#####...##........#
##### ##.#.##
###..........## #....
##.## #........### #.###
#.# #..####### #.'.. #.#
#.)############.### #<####
#.)................ #....#
##)#.###.########.. ####.#
#@#.# #.# ##. #.#
####h#.###.# #. #.#
##...(...##.# #. #.#
#........##.# #) #.#
#........##.# ###. #.#
#........##.# #.)) #.#
#......^.##.# #.## #.#
#.......## ##.## #.#
..⌠...⌠..# ##..#.


You could see a hound (extremely poisoned).

Vanquished Creatures
  Grinder (D:6)
  2 black bears (D:5)
  An orc warrior (D:6)
  2 ogres
  A phantom (D:5)
  Blork the orc (D:6)
  A necrophage (D:5)
  A howler monkey (D:6)
  2 hounds
  A gnoll bouda (D:6)
  An iguana (D:6)
  Ijyb (D:4)
  3 orc wizards
  5 gnolls (D:6)
  7 adders
  An ufetubus (D:6)
  A worm (D:3)
  A dart slug (D:2)
  15 orcs
  8 endoplasms
  3 giant cockroaches
  8 goblins
  9 hobgoblins
  4 jackals (D:2)
  4 quokkas
  3 ball pythons
  3 bats (D:1)
  3 frilled lizards
  5 kobolds
  7 rats
105 creatures vanquished.

Notes
Turn   | Place    | Note
-------+----------+-------------------------------------------
     0 | D:1      | Dorkslayer the Octopode Brigand began the quest for the
                  | Orb.
     0 | D:1      | Reached XP level 1. HP: 14/14 MP: 1/1
   161 | D:1      | Reached XP level 2. HP: 19/19 MP: 2/2
   340 | D:1      | Reached skill level 6 in Stealth
   659 | D:2      | Reached XP level 3. HP: 24/24 MP: 3/3
   671 | D:2      | You fall into a shaft and drop 1 floor!
   946 | D:2      | Found a faded altar of an unknown god.
  1520 | D:2      | Reached skill level 7 in Stealth
  1520 | D:2      | Reached XP level 4. HP: 29/29 MP: 4/4
  1980 | D:3      | Reached XP level 5. HP: 29/35 MP: 5/5
  2666 | D:4      | Noticed Ijyb
  2669 | D:4      | Killed Ijyb
  2670 | D:4      | Reached skill level 8 in Stealth
  2922 | D:4      | Found a bloodstained altar of Trog.
  3267 | D:4      | Found a staircase to the Ecumenical Temple.
  3277 | Temple   | Entered the Ecumenical Temple
  3282 | Temple   | Became a worshipper of Gozag Ym Sagoz the Greedy
  3301 | D:4      | Reached XP level 6. HP: 33/41 MP: 6/6
  3545 | D:5      | Entered Level 5 of the Dungeon
  3631 | D:5      | Noticed a black bear
  3642 | D:5      | Killed a black bear
  3668 | D:5      | Reached XP level 7. HP: 24/46 MP: 7/7
  3781 | D:5      | Found a radiant altar of Vehumet.
  3787 | D:5      | Reached skill level 9 in Stealth
  3866 | D:5      | Reached skill level 1 in Shields
  4116 | D:6      | Found a shadowy altar of Dithmenos.
  4178 | D:6      | Noticed Grinder
  4188 | D:6      | Killed Grinder
  4189 | D:6      | Reached skill level 5 in Short Blades
  4189 | D:6      | Reached XP level 8. HP: 49/52 MP: 8/8
  4212 | D:6      | Found Ways's CLEARANCE SALE!.
  4259 | D:6      | Bought a scroll of fog for 28 gold pieces
  4259 | D:6      | Bought a scroll of identify for 14 gold pieces
  4287 | D:6      | Found an iron altar of Okawaru.
  4290 | D:6      | Found a glowing golden altar of the Shining One.
  4290 | D:6      | Found a sacrificial altar of Ru.
  4290 | D:6      | Noticed Blork the orc
  4294 | D:6      | Killed Blork the orc
  4295 | D:6      | Reached skill level 1 in Evocations
  4598 | D:6      | Found a sparkling altar of Nemelex Xobeh.
  4845 | D:6      | Reached skill level 10 in Stealth
  4847 | D:6      | Slain by a hound

Illustrated notes

Levels and vault maps discovered:
D:1:      minmay_arrival_diagonal_passages, layout_basic
D:2:      layout_basic, ebering_ecumenical_altar_mist
D:3:      minmay_spotlight, layout_basic
D:4:      layout_basic, mainiacjoe_overflow_tiny_flanked,
          minmay_temple_entry_glassed_door, uniq_ijyb
D:5:      layout_rooms, fiery_altar_vehumet, kennysheep_pointless_box
D:6:      layout_loops_ring, zin_statuary, old_standard_altar,
          grunt_temple_overflow_open, mainiacjoe_overflow_surrounded_room,
          grunt_ministairs_10, nicolae_shop_clearance, uniq_blork_the_orc,
          uniq_grinder
Temple:   minmay_freezing_vapour_temple

Skill      XL: |  1  2  3  4  5  6  7  8 |
---------------+-------------------------+-----
Stealth        | 6 7 8 9 10 | 10.0
Short Blades   | 3 4 5 |  5.7
Dodging        | 2 3 |  3.5
Fighting       | 3 |  3.7
Shields        | 1 |  1.9
Evocations     | 2 |  2.1
Throwing       | |  2.7

Action                   |  1- 3 |  4- 6 |  7- 9 || total
-------------------------+-------+-------+-------++-------
Melee: Short sword       |    51 |   118 |    70 ||   239
       Tentacles         |     9 |    18 |    18 ||    45
       Dagger            |     2 |       |       ||     2
       Constrict         |    13 |    19 |    16 ||    48
       Punch             |     1 |     1 |       ||     2
Throw: Dart              |       |     4 |     2 ||     6
  Use: Scroll            |     6 |     2 |     3 ||    11
       Potion            |       |     6 |       ||     6
 Stab: Sleeping          |    17 |     8 |     9 ||    34
       Distracted        |       |       |     1 ||     1
Armor: Skin              |       |    28 |     1 ||    29
Dodge: Dodged            |    17 |    52 |    25 ||    94
Block: Other             |       |    12 |    15 ||    27

Table legend: (Time is in decaauts)
 A = Elapsed time spent in this place.
 B = Non-inter-level travel time spent in this place.
 C = Inter-level travel time spent in this place.
 D = Time resting spent in this place.
 E = Time spent auto-exploring this place.
 F = Levels seen in this place.
 G = Mean time per level.
                   A        B        C        D        E       F      G
               +--------+--------+--------+--------+--------+-----+--------+
         Total |   4784 |   4784 |      0 |    109 |   3091 |   7 |  683.4 |
       Dungeon |   4773 |   4773 |      0 |    109 |   3091 |   6 |  795.5 |
        Temple |     10 |     10 |      0 |      0 |      0 |   1 |   10.0 |
               +--------+--------+--------+--------+--------+-----+--------+

Top non-repeatable levels by time:
     D:3: 1124 daAuts
     D:2: 993 daAuts
     D:4: 845 daAuts
     D:6: 748 daAuts
     D:1: 532 daAuts
     D:5: 528 daAuts
  Temple: 10 daAuts
